 Dungeon Sprint DCSS version 0.19.3 (webtiles) character file.

2383 Naow the Bludgeoner (level 9, -4/114 HPs)
             Began as an Ogre Hunter on Jan 22, 2017.
             Was an Elder of the Shining One.
             Slain by a komodo dragon (31 damage)
             ... in the Dungeon (Sprint IX: "|||||||||||||||||||||||||||||").
             The game lasted 00:03:11 (645 turns).

Naow the Bludgeoner (Ogre Hunter)                    Turns: 645, Time: 00:03:11

Health: -4/114     AC: 11    Str: 22    XL:     9   Next: 45%
Magic:  14/16      EV: 12    Int: 13    God:    the Shining One [****..]
Gold:   13         SH: 10    Dex: 10    Spells: 0 memorised, 8 levels left

rFire  . . .     SeeInvis .     p - +2 dire flail (protect)
rCold  . . .     Gourm    .     b - +0 robe
rNeg   + + .     Faith    .     (shield currently unavailable)
rPois  .         Spirit   .     (helmet restricted)
rElec  .         Reflect  .     q - +0 cloak
rCorr  .         Harm     .     (gloves unavailable)
MR     .....     NoTele   +     (boots unavailable)
Stlth  +.........               (no amulet)
                                r - +3 ring of intelligence
                                s - +2 ring of evasion

@: lethally poisoned (-4 -> -7), divine shield, protection aura, glowing
A: unfitting armour, tough skin 1
a: Divine Shield, Cleansing Flame, Renounce Religion


You were in the Dungeon.
You worshipped the Shining One.
The Shining One was greatly pleased with you.
You were not hungry.

You visited 1 branch You collected 13 gold pieces.

Inventory:

Hand Weapons
 p - a +2 dire flail of protection (weapon)
Missiles
 c - 5 large rocks (quivered)
 d - 2 throwing nets
Armour
 b - a +0 robe (worn)
 q - a +0 cloak (worn)
Jewellery
 r - a +3 ring of intelligence (right hand)
 s - a +2 ring of evasion (left hand)
Wands
 o - a wand of acid (7/15)
Scrolls
 k - 3 scrolls of blinking
 l - a scroll of identify
 m - 3 scrolls of remove curse
 n - 2 scrolls of amnesia
 t - a scroll of fog
 u - a scroll of fear
 v - 2 scrolls of enchant armour
Potions
 a - a potion of agility
 e - 7 potions of curing
 g - 7 potions of heal wounds
 h - a potion of haste
 i - 4 potions of magic
 j - a potion of invisibility
Comestibles
 f - a bread ration


   Skills:
 + Level 14.3 Fighting
 * Level 18.1 Maces & Flails
 - Level 4.0 Throwing
 - Level 1.7 Dodging
 - Level 0.6 Stealth
 + Level 10.3 Invocations


You had 8 spell levels left.
You didn't know any spells.

Dungeon Overview and Level Annotations

Branches:
Dungeon (1/1)

Altars:
Cheibriados
Dithmenos
Elyvilon
Fedhas
Gozag
Hepliaklqana
Kikubaaqudgha
Makhleb
Nemelex Xobeh
Okawaru
Qazlal
Ru
Sif Muna
Trog
Uskayaw
Vehumet
Xom
Yredelemnul
Zin
The Shining One
Beogh
Jiyva
Lugonu


Innate Abilities, Weirdness & Mutations

You are too large for most types of armour.
You have tough skin. (AC +1)


Message History

You feel sick. The basilisk barely misses you.
You hit the basilisk.
Your weapon exudes an aura of protection.
The basilisk is severely wounded.
You bludgeon the basilisk!!
You kill the basilisk!
Your Maces & Flails skill increases to level 18!
You feel sick.
You spit the water moccasin like a pig!!!
You kill the water moccasin!
You feel sick. The komodo dragon bites you!!
* * * LOW HITPOINT WARNING * * *
You see here a water moccasin corpse.
You impale the komodo dragon!!
The komodo dragon is heavily wounded.
You feel sick. The komodo dragon closely misses you.
You hit the komodo dragon but do no damage.
The komodo dragon is heavily wounded.
The komodo dragon bites you!!
You die...

▓.▓.▓.▓
▓.▓.▓[▓
▓'▓.▓.▓
▓_▓.▓.▓
▓_▓.▓.▓
▓_▓.▓.▓
▓_▓.▓.▓
▓_▓.▓'▓
▓_▓.▓@▓
▓_▓.▓l▓
▓_▓.▓H▓
▓_▓.▓F▓
▓_▓.▓F▓
▓_▓.▓.▓
▓_▓.▓.▓
▓_▓.▓.▓
▓_▓.▓


You could see a komodo dragon, a hippogriff and 2 spiny frogs.

Vanquished Creatures
  An unseen horror (D)
  2 spiny frogs (D)
  A shadow (D)
  A basilisk (D)
  A water moccasin (D)
  A soldier ant (D)
  A porcupine (D)
  2 black bears (D)
  A sky beast (D)
  3 centaurs (D)
  A crimson imp (D)
  2 jellies (D)
  An iguana (D)
  An orc (D)
  A bat (D)
  A bat zombie (D)
  A giant cockroach (D)
  A goblin (D)
  2 hobgoblins (D)
  2 frilled lizards (D)
27 creatures vanquished.

Notes
Turn   | Place    | Note
-------+----------+-------------------------------------------
     0 | D        | Naow the Ogre Hunter began the quest for the Orb.
     0 | D        | Reached XP level 1. HP: 22/22 MP: 1/1
    20 | D        | Reached skill level 5 in Fighting
    36 | D        | Noticed a jelly
    36 | D        | Noticed a centaur
    41 | D        | Reached skill level 1 in Maces & Flails
    41 | D        | Reached XP level 2. HP: 28/35 MP: 2/2
    46 | D        | Reached skill level 5 in Maces & Flails
    46 | D        | Reached XP level 3. HP: 40/45 MP: 3/3
    53 | D        | Killed a centaur
    53 | D        | Reached skill level 9 in Maces & Flails
    53 | D        | Reached XP level 4. HP: 42/58 MP: 4/4
    53 | D        | Reached XP level 5. HP: 48/66 MP: 5/5
   202 | D        | Found a roughly hewn altar of Beogh.
   202 | D        | Found a snail-covered altar of Cheibriados.
   202 | D        | Found a shadowy altar of Dithmenos.
   202 | D        | Found a white marble altar of Elyvilon.
   202 | D        | Found a blossoming altar of Fedhas.
   202 | D        | Found an opulent altar of Gozag.
   203 | D        | Found a hazy altar of Hepliaklqana.
   204 | D        | Found a viscous altar of Jiyva.
   205 | D        | Found an ancient bone altar of Kikubaaqudgha.
   206 | D        | Found a corrupted altar of Lugonu.
   207 | D        | Found a burning altar of Makhleb.
   208 | D        | Found a sparkling altar of Nemelex Xobeh.
   209 | D        | Found an iron altar of Okawaru.
   210 | D        | Found a stormy altar of Qazlal.
   211 | D        | Found a sacrificial altar of Ru.
   212 | D        | Found a deep blue altar of Sif Muna.
   213 | D        | Found a bloodstained altar of Trog.
   214 | D        | Found a hide-covered altar of Uskayaw.
   215 | D        | Found a radiant altar of Vehumet.
   216 | D        | Found a shimmering altar of Xom.
   217 | D        | Found a basalt altar of Yredelemnul.
   218 | D        | Found a glowing silver altar of Zin.
   219 | D        | Found a glowing golden altar of the Shining One.
   243 | D        | Became a worshipper of the Shining One
   269 | D        | Noticed a sky beast
   269 | D        | Noticed a black bear
   269 | D        | Noticed a centaur
   269 | D        | Reached * piety under the Shining One
   276 | D        | Killed a sky beast
   276 | D        | Reached skill level 11 in Maces & Flails
   282 | D        | Killed a black bear
   282 | D        | Reached skill level 10 in Fighting
   282 | D        | Reached skill level 12 in Maces & Flails
   282 | D        | Reached XP level 6. HP: 77/78 MP: 5/9
   285 | D        | Noticed an unseen horror
   288 | D        | Killed an unseen horror
   288 | D        | Reached skill level 15 in Maces & Flails
   288 | D        | Reached XP level 7. HP: 91/91 MP: 5/12
   288 | D        | Reached XP level 8. HP: 98/98 MP: 5/13
   345 | D        | Reached ** piety under the Shining One
   345 | D        | Noticed a shadow
   350 | D        | Reached *** piety under the Shining One
   354 | D        | Killed a shadow
   354 | D        | Reached skill level 16 in Maces & Flails
   619 | D        | Noticed a spiny frog
   619 | D        | Noticed a spiny frog
   619 | D        | Reached **** piety under the Shining One
   619 | D        | Noticed a komodo dragon
   623 | D        | Noticed a hippogriff
   623 | D        | Killed a spiny frog
   623 | D        | Reached skill level 17 in Maces & Flails
   623 | D        | Reached XP level 9. HP: 83/110 MP: 14/16
   627 | D        | Noticed a spiny frog
   628 | D        | Killed a spiny frog
   628 | D        | Reached skill level 10 in Invocations
   630 | D        | Noticed a spiny frog
   641 | D        | Reached skill level 18 in Maces & Flails
   645 | D        | Slain by a komodo dragon

Skill      XL: |  1  2  3  4  5  6  7  8  9 |
---------------+----------------------------+-----
Fighting       | 5 6 8 10 12 13 14 | 14.3
Maces & Flails | 1 5 9 12 15 17 18 | 18.1
Invocations    | 4 7 9 10 | 10.3
Throwing       | |  4.0
Dodging        | |  1.7
Stealth        | |  0.6

Action                   |  1- 3 |  4- 6 |  7- 9 || total
-------------------------+-------+-------+-------++-------
Melee: Short sword       |    37 |     2 |       ||    39
       Dire flail        |       |    18 |    39 ||    57
Invok: Divine Shield     |       |       |     1 ||     1
  Use: Potion            |     1 |       |       ||     1
Armor: Robe              |     6 |     8 |    11 ||    25
Dodge: Dodged            |    24 |    15 |    15 ||    54
